 Dungeon Crawl Stone Soup version 0.14-a0-3376-gf173aa4 (webtiles) character file.

5721 Persuasio the Vandal (level 10, -11/73 HPs)
             Began as a Human Berserker on Mar 20, 2014.
             Was a High Priest of Trog.
             Mangled by an orc warrior
             ... wielding a +0,+0 glaive
              (17 damage)
             ... on Level 9 of the Dungeon.
             The game lasted 01:22:30 (11809 turns).

Persuasio the Vandal (Human Berserker)             Turns: 11809, Time: 01:22:31

HP -11/73        AC 18     Str 20      XL: 10   Next: 94%
MP   3/3         EV  4     Int  7      God: Trog [*****.]
Gold 429         SH 23     Dex 19      Spells:  0 memorised,  9 levels left

rFire  . . .     SeeInvis .     Q - +5,+2 falchion (antimagic)
rCold  . . .     Clarity  .     b - +0 plate armour
rNeg   + . .     Conserve .     F - +1 shield
rPois  .         rCorr    .     (no helmet)
rElec  .         rRot     .     H - +1 cloak
SustAb . .       Spirit   .     l - +2 pair of gloves {archer}
rMut   .         Warding  +     (no boots)
Saprov . . .     Stasis   .     k - amulet of warding
MR     +++..                    o - ring of protection from magic
                                d - +5 ring of dexterity

@: regenerating, extremely resistant to hostile enchantments, extremely
unstealthy
A: no striking features
a: Burn Spellbooks, Berserk, Trog's Hand, Brothers in Arms, Renounce Religion


You were on level 9 of the Dungeon.
You worshipped Trog.
Trog was extremely pleased with you.
You were not hungry.

You visited 1 branch of the dungeon, and saw 9 of its levels.

You collected 429 gold pieces.

Inventory:

Hand weapons
 p - a +2,+0 sling of frost
 E - a +2,+2 mace of holy wrath
 O - a +0,+0 scythe of dragon slaying
 Q - a +5,+2 anti-magic falchion (weapon)
Missiles
 g - 178 stones (quivered)
 i - 2 javelins
 m - 36 darts
 r - 2 exploding darts
 z - a dart of flame
 A - 4 throwing nets
 J - 22 sling bullets
 M - 6 tomahawks
Armour
 b - a +0 plate armour (worn)
 l - a +2 pair of gloves of archery (worn)
 F - a +1 shield (worn)
 H - a +1 cloak (worn)
Magical devices
 s - a wand of slowing (14)
 y - a wand of draining (9)
Comestibles
 a - a choko
 c - 8 bread rations
 w - 4 meat rations
 K - 2 beef jerkies
 L - a sausage
 S - 7 cheeses
Scrolls
 n - a scroll of remove curse
 v - a scroll of immolation
 N - a scroll of recharging
Jewellery
 d - a +5 ring of dexterity (left hand)
 j - a +2 ring of protection {unknown}
 k - an amulet of warding (around neck)
 o - a ring of protection from magic (right hand)
 q - a +2 ring of strength {unknown}
Potions
 h - a potion of invisibility
 u - a potion of might
 I - a potion of curing
 P - 2 potions of restore abilities


   Skills:
 + Level 4.8 Fighting
 + Level 6.2 Long Blades
 * Level 5.6 Maces & Flails
 * Level 7.3 Slings
 + Level 4.3 Throwing
 + Level 5.9 Armour
 + Level 5.5 Dodging
 + Level 0.9 Stealth
 * Level 5.8 Shields
 + Level 0.4 Evocations


You had 9 spell levels left.
You didn't know any spells.

Dungeon Overview and Level Annotations

Branches:
Dungeon (9/15)             Temple (0/1) D:4            Lair (0/8) D:8
    Orc: D:9-12

Altars:
Ashenzari
Xom
Yredelemnul


Message History

The orc warrior is heavily wounded.
You block the orc warrior's attack.
Your shield and plate armour prevent you from hitting the orc warrior.
The orc warrior is heavily wounded.
You hit the orc warrior.
The orc warrior is severely wounded.
The orc warrior hits you with a glaive!
Use which ability? (? or * to list)
Your skin crawls.
You feel resistant to hostile enchantments.
You feel slightly more hungry. The orc warrior hits you with a glaive!
* * * LOW HITPOINT WARNING * * *
You hit the orc warrior but do no damage.
The orc warrior is severely wounded.
The orc warrior hits you with a glaive!
* * * LOW HITPOINT WARNING * * *
The orc warrior hits you with a glaive!
* * * LOW HITPOINT WARNING * * *
The orc warrior hits you from afar with a glaive!
You die...

.....).... ......... ....(. #
#.######## #...# #.# #.(##
#.#. #...# #.# #.)..
.#.#############...# #.# #....
..................###.####....
#.#..................(()(...(.
#.#.....%.....#o........#.....
#......)..............%.......
##########...@................
#....#.#########.....
#....#...........<...
###################.. ###


You could see an orc warrior.

Vanquished Creatures
  2 yaks (D:8)
  A hog (D:8)
  A human (D:8)
  A wolf (D:4)
  A hill giant skeleton (D:6)
  A hippogriff (D:8)
  A necrophage (D:5)
  2 ice beasts
  An orc warrior (D:8)
  7 ogres
  A centaur (D:8)
  A sky beast (D:5)
  Sigmund (D:7)
  A crocodile (D:8)
  5 gnoll sergeants
  5 giant frogs
  6 scorpions
  A centaur zombie (D:5)
  3 crimson imps
  A goliath beetle (D:7)
  8 jellies
  9 hounds
  A centaur skeleton (D:7)
  2 gnoll shamans (D:5)
  8 orc wizards
  2 iguanas
  2 orc priests
  3 sheep (D:8)
  5 worker ants
  Jessica (D:3)
  A hound skeleton (D:5)
  7 adders
  An orc zombie (D:6)
  36 gnolls
  4 green rats (D:8)
  3 shadow imps
  An inept feature mimic (D:5)
  3 worms
  An iguana zombie (D:6)
  An orc skeleton (D:4)
  6 giant geckos
  An ooze (D:1)
  36 orcs
  21 bats
  A bat skeleton (D:6)
  A bat zombie (D:6)
  4 giant cockroaches
  14 goblins
  22 hobgoblins
  8 jackals
  7 quokkas
  A giant gecko skeleton (D:7)
  9 giant newts
  A giant newt skeleton (D:4)
  A gnoll skeleton (D:5)
  A hobgoblin skeleton (D:8)
  15 kobolds
  2 kobold skeletons
  17 rats
  3 ballistomycetes (D:9)
  A fungus (D:8)
314 creatures vanquished.

Vanquished Creatures (collateral kills)
  A deep elf fighter (D:8)
1 creature vanquished.

Vanquished Creatures (others)
  A giant spore (D:9)
1 creature vanquished.

Grand Total: 316 creatures vanquished

Notes
Turn   | Place    | Note
--------------------------------------------------------------
     0 | D:1      | Persuasio, the Human Berserker, began the quest for the Orb.
     0 | D:1      | Reached XP level 1. HP: 18/18 MP: 1/1
   215 | D:1      | Reached XP level 2. HP: 24/24 MP: 2/2
  1263 | D:2      | Reached XP level 3. HP: 22/29 MP: 3/3
  1665 | D:2      | Acquired Trog's second power
  2288 | D:3      | Reached XP level 4. HP: 9/35 MP: 4/4
  2311 | D:3      | Reached skill level 1 in Throwing
  2740 | D:3      | Noticed Jessica
  2750 | D:3      | Killed Jessica
  2750 | D:3      | Reached XP level 5. HP: 40/42 MP: 5/5
  2873 | D:3      | Reached skill level 1 in Slings
  3075 | D:3      | Reached skill level 1 in Maces & Flails
  3471 | D:4      | Noticed an ogre
  3530 | D:4      | Found a staircase to the Ecumenical Temple.
  3677 | D:4      | You fall through a shaft!
  3677 | D:5      | Entered Level 5 of the Dungeon
  3710 | D:5      | Reached skill level 4 in Long Blades
  3710 | D:5      | Reached XP level 6. HP: 48/48 MP: 6/6
  3953 | D:5      | Reached XP level 7. HP: 49/53 MP: 7/7
  4072 | D:5      | Noticed a sky beast
  4091 | D:5      | Killed a sky beast
  4287 | D:5      | Reached XP level 8. HP: 41/60 MP: 8/8
  4298 | D:5      | Found Qokhavol's Jewellery Shoppe.
  4309 | D:5      | Noticed an ogre
  4339 | D:5      | Killed an ogre
  4382 | D:5      | Acquired Trog's third power
  4630 | D:5      | Reached skill level 5 in Long Blades
  4904 | D:5      | Noticed a wolf
  4966 | D:4      | Killed a wolf
  5293 | D:5      | Reached skill level 1 in Shields
  5598 | D:5      | Qokhavol's Jewellery Shoppe was a mimic.
  5604 | D:5      | Reached XP level 9. HP: 63/65 MP: 9/9
  5881 | D:5      | Gained mutation: You can breathe flames. [potion of mutation]
  5881 | D:5      | Lost mutation: You can breathe flames. [potion of mutation]
  5901 | D:5      | Paralysed by a potion of paralysis for 6 turns
  6126 | D:4      | Found a basalt altar of Yredelemnul.
  6126 | D:4      | Found a shattered altar of Ashenzari.
  6592 | D:4      | Killed an ogre
  6872 | D:5      | Reached skill level 5 in Slings
  8168 | D:7      | Noticed Sigmund
  8193 | D:7      | Killed Sigmund
  8211 | D:7      | Reached skill level 5 in Armour
  8410 | D:7      | Reached XP level 10. HP: 73/73 MP: 10/10
  8490 | D:7      | Reached skill level 6 in Slings
  8833 | D:8      | Received a gift from Trog
  8833 | D:8      | Reached skill level 5 in Maces & Flails
  9021 | D:8      | Reached skill level 5 in Dodging
  9164 | D:8      | Found a staircase to the Lair.
  9240 | D:8      | Found a shimmering altar of Xom.
  9569 | D:8      | Reached skill level 5 in Shields
 10245 | D:8      | Reached skill level 7 in Slings
 11809 | D:9      | Mangled by an orc warrior

Action                   |  1- 3 |  4- 6 |  7- 9 | 10-12 || total
-------------------------+-------+-------+-------+-------++-------
Melee: Falchion          |   119 |     7 |       |   351 ||   477
       Flail             |       |    92 |   419 |    30 ||   541
       Mace              |       |       |    31 |       ||    31
 Fire: Sling             |       |    71 |   170 |   168 ||   409
Throw: Javelin           |     4 |     1 |       |       ||     5
       Stone             |       |     1 |       |       ||     1
       Dart              |       |       |     5 |     2 ||     7
       Tomahawk          |       |       |     1 |     5 ||     6
Invok: Berserk           |       |       |     2 |       ||     2
       Trog's Hand       |       |       |     4 |     2 ||     6
       Brothers in Arms  |       |       |       |     1 ||     1
Evoke: Wand              |       |     2 |     4 |       ||     6
  Use: Potion            |     2 |     1 |     9 |     5 ||    17
       Scroll            |     8 |     6 |     9 |     5 ||    28
 Stab: Sleeping          |     1 |       |       |       ||     1
